 Dungeon Crawl Stone Soup version 0.30.1-4-g462c640d31 (webtiles) character file.

Game seed: 17379914751813644788

4 Wiggles the Trooper (level 1, 0/20 HPs)
             Began as a Minotaur Berserker on Aug 18, 2023.
             Was a Follower of Trog.
             Slain by a goblin
             ... wielding a +0 dagger
              (1 damage)
             ... on level 1 of the Dungeon.
             The game lasted 00:00:09 (52 turns).

Wiggles the Trooper (Minotaur Berserker)              Turns: 52, Time: 00:00:10

Health: 0/20       AC:  2    Str: 21    XL:     1   Next: 58%
Magic:  0/0        EV: 12    Int:  4    God:    Trog [*.....]
Gold:   0          SH:  0    Dex:  9    Spells: 0/0 levels left

rFire   . . .        a - +0 hand axe
rCold   . . .        (no shield)
rNeg    . . .        b - +0 animal skin
rPois   .            (helmet restricted)
rElec   .            (no cloak)
rCorr   .            (no gloves)
SInv    .            (no boots)
Will    .....        (no amulet)
Stlth   +            (no ring)
HPRegen 0.23/turn    (no ring)
MPRegen 0.07/turn

%: no passive effects
@: no status effects
A: horns 2, retaliatory headbutt
a: Renounce Religion, Berserk


You were on level 1 of the Dungeon.
You worshipped Trog.
Trog was aware of your devotion.
You visited 1 branch of the dungeon, and saw 1 of its levels.

Inventory:

Hand Weapons
 a - a +0 hand axe (weapon)
Armour
 b - a +0 animal skin (worn)
Scrolls
 c - a scroll of poison {unknown}


   Skills:
 + Level 3.8 Fighting
 + Level 3.8 Axes
 + Level 2.4 Armour
 + Level 2.2 Dodging


You couldn't memorise any spells.
You didn't know any spells.
Your spell library was empty.

Dungeon Overview and Level Annotations

Branches:
Dungeon (1/15)

Altars:


Innate Abilities, Weirdness & Mutations

You have a pair of horns on your head.
You reflexively headbutt those who attack you in melee.


Message History

a +0 dagger; 2 stones; a kobold corpse The frilled lizard bites you.
The frilled lizard barely misses you.
You closely miss the frilled lizard.
The frilled lizard bites you but does no damage.
You closely miss the frilled lizard.
Your headbutt misses the frilled lizard.
The frilled lizard bites you.
You closely miss the frilled lizard. You hit the goblin but do no damage.
A rat comes into view.
The goblin hits you with a +0 club. The frilled lizard closely misses you.
You closely miss the frilled lizard. You barely miss the goblin.
The goblin barely misses you. The frilled lizard bites you.
You miss the frilled lizard.
Your headbutt misses the frilled lizard.
You closely miss the goblin. You hit the goblin. The goblin misses you.
The goblin hits you with a +0 dagger. The frilled lizard bites you.
You closely miss the goblin. x2; You hit the frilled lizard.
You kill the frilled lizard!
Trog accepts your kill. The goblin hits you with a +0 dagger.
The goblin hits you with a +0 club. x2
* * * LOW HITPOINT WARNING * * *
The goblin hits you with a +0 dagger.
* * * LOW HITPOINT WARNING * * *
You closely miss the goblin. Your headbutt misses the goblin.
You closely miss the goblin. The goblin barely misses you.
You furiously retaliate!
You headbutt the goblin. The goblin closely misses you.
You hit the goblin.
You kill the goblin!
Trog accepts your kill.
You miss the goblin. The goblin barely misses you. You furiously retaliate!
You headbutt the goblin, but do no damage.
You hit the rat.
You kill the rat!
Trog accepts your kill.
You closely miss the goblin. The goblin hits you with a +0 dagger.
* * * LOW HITPOINT WARNING * * *
The goblin hits you with a +0 dagger.
You die...

#.....# #...###
..... ....# .....
....# .... . ....#
##... .. ..#.#
####..# ... #.#.#
###....###....
#...# #
#......#...# #####
#.#...))@g.## ##
#.#.........#
.######
#...^....##.#
......#####......#
# ##.....##
#.##.###
#.......###.##...
#.......#...####.#
#.......#.### .#
##........# #


You could see a goblin.

Vanquished Creatures
  A ball python (D:1)
  A frilled lizard (D:1)
  2 goblins (D:1)
  A kobold (D:1)
  A rat (D:1)
6 creatures vanquished.

Notes
Turn   | Place    | Note
-------+----------+-------------------------------------------
     0 | D:1      | Wiggles the Minotaur Berserker began the quest for the Orb.
     0 | D:1      | Reached XP level 1. HP: 19/19 MP: 0/0
    48 | D:1      | HP: 1/20 [goblin/+0 dagger (4)]
    52 | D:1      | Slain by a goblin

Illustrated notes

Levels and vault maps discovered:
D:1:      amcnicky_arrival_blooded_trapdoor, layout_rooms,
          minmay_small_reverse_x

Action                     || total
---------------------------++-------
  Melee: Hand axe          ||    11
 Armour: Animal skin       ||     3
  Dodge: Dodged            ||     9
